 Dungeon Crawl Stone Soup version 0.23-a0-386-g9c9d49f (webtiles) character file.

12 Amnesiac the Shooter (level 2, -1/25 HPs)
             Began as a Centaur Hunter on Oct 28, 2018.
             Slain by an ice beast (8 damage)
             ... on level 2 of the Dungeon.
             The game lasted 00:01:53 (428 turns).

Amnesiac the Shooter (Centaur Hunter)                Turns: 428, Time: 00:01:54

Health: -1/25      AC:  7    Str: 14    XL:     2   Next: 20%
Magic:  2/2        EV:  4    Int: 10    God:
Gold:   26         SH:  0    Dex: 13    Spells: 1/1 levels left

rFire    . . .     SeeInvis .   b - +0 short sword
rCold    . . .     Gourm    .   (no shield)
rNeg     . . .     Faith    .   h - +0 chain mail
rPois    .         Spirit   .   (no helmet)
rElec    .         Reflect  .   (no cloak)
rCorr    .         Harm     .   (no gloves)
MR       .....                  (no barding)
Stlth    ..........             (no amulet)
HPRegen  0.08/turn              e - +4 ring of dexterity
MPRegen  0.08/turn              (no ring)

@: very quick
A: large, hooves 3, deformed body, speed 2, tough skin 3
a: no special abilities


You were on level 2 of the Dungeon.
You were not hungry.

You visited 1 branch of the dungeon, and saw 2 of its levels.

You collected 26 gold pieces.

Inventory:

Hand Weapons
 a - a +1 shortbow
 b - a +0 short sword (weapon)
Missiles
 d - 20 arrows
Armour
 h - a +0 chain mail (worn)
Jewellery
 e - a +4 ring of dexterity (left hand)
Scrolls
 c - a scroll of fear {!r, unknown}
 g - 3 scrolls of identify {!r, unknown}
Comestibles
 f - 2 rations


   Skills:
 + Level 2.3 Fighting
 * Level 5.8 Bows
 - Level 1.3 Dodging
 - Level 0.4 Stealth


You had one spell level left.
You didn't know any spells.
Your spell library was empty.

Dungeon Overview and Level Annotations

Branches:
Dungeon (2/15)

Altars:
Ashenzari
Ru


Innate Abilities, Weirdness & Mutations

You have hooves in place of feet.
Armour fits poorly on your strangely shaped body.
You cover ground very quickly.
You have extremely tough skin. (AC +3)


Message History

Here: a leopard gecko (almost dead, clinging)
A +0 club.
The floor, spattered with blood.
Press: ? - help, v - describe, . - travel, g - get item
Here: a leopard gecko (almost dead, clinging)
A +0 club.
The floor, spattered with blood.
You closely miss the leopard gecko.
The leopard gecko is almost dead.
The leopard gecko bites you.
* * * LOW HITPOINT WARNING * * *
There is a stone staircase leading up here.
You swing at nothing.
You miss the leopard gecko. You kick the leopard gecko.
You kill the leopard gecko!
There is a stone staircase leading up here.
A frilled lizard comes into view.
The frilled lizard hisses angrily.
You see here a +0 leather armour.
You see here a stone.
Found 19 stones.
You now have 26 gold pieces (gained 20).
Things that are here:
a +0 dagger; a goblin corpse
Found 12 gold pieces.
A hobgoblin comes into view. It is wielding a +0 club.
The hobgoblin shouts!
You hear a shout!
Found a ration.
You see here a ration.
Your chain mail prevents you from hitting the hobgoblin.
The hobgoblin hits you but does no damage.
A kobold comes into view.
Found a scroll labeled RAN SILIMURUI.
An adder comes into view.
The adder hisses angrily.
The kobold throws a stone.
The stone hits you but does no damage.
You see here a stone.
You see here a ration.
f - 2 rations (gained 1)
The kobold throws a stone.
The stone barely misses you.
The frilled lizard hisses.
You see here a scroll labeled RAN SILIMURUI {!r}.
c - a scroll labeled RAN SILIMURUI {!r} An adder comes into view.
The adder hisses angrily.
The adder bites you but does no damage.
An orc wizard comes into view. It is wielding a +0 dagger.
A frilled lizard comes into view.
Found a sacrificial altar of Ru.
A frilled lizard comes into view.
The frilled lizard hisses angrily. x2
Found a mace.
Found 8 gold pieces.
Found a stone staircase leading down.
The frilled lizard completely misses you.
The frilled lizard barely misses you.
An ice beast comes into view.
Found a scroll labeled XICAIMOCWU.
Found a scroll labeled UNAWNO MUVA.
There is a stone staircase leading down here.
The ice beast hits you.
* * * LOW HITPOINT WARNING * * *
The ice beast freezes you!
You die...

... ... .#...# #.......
....?##
#........#.###....#..
#........#.#.........
#.....##.#.).......?. .
#...........$........ .o
#....................
l..#...........S@Y......
...#o...##....l.....##..
###'.....g.S.......##
.......l###.#.........
........###...........#
...###.g#..........###..
...................# #
...####.K..#......##
..........##.#......#.


You could see an ice beast, 2 adders, a hobgoblin and a frilled lizard.

Vanquished Creatures
  2 leopard geckos (D:2)
  A bat (D:1)
  2 goblins
  A hobgoblin (D:2)
  2 frilled lizards (D:1)
  A kobold (D:2)
  A rat (D:2)
10 creatures vanquished.

Notes
Turn   | Place    | Note
-------+----------+-------------------------------------------
     0 | D:1      | Amnesiac the Centaur Hunter began the quest for the Orb.
     0 | D:1      | Reached XP level 1. HP: 17/17 MP: 1/1
   333 | D:2      | Found a shattered altar of Ashenzari.
   348 | D:2      | Reached XP level 2. HP: 6/24 MP: 2/2
   416 | D:2      | Found a sacrificial altar of Ru.
   424 | D:2      | Noticed an ice beast
   428 | D:2      | Slain by an ice beast

Vault maps used:
D:1:      moated_graveyard_arrival, minmay_misc_feat_iff, amethyst_killhole,
          hangedman_decor_riveting
D:2:      nicolae_overflow_crystal_walls, first_ration,
          nicolae_ru_great_annihilating_truth

Action                   || total
-------------------------++-------
Melee: Short sword       ||    33
       Kick              ||     5
Armor: Leather armour    ||    16
       Chain mail        ||     5
Dodge: Dodged            ||    19

Table legend:
 A = Non-vault XP
 B = Vault XP
 C = Vault XP percentage of total XP
 D = Non-vault monster count
 E = Vault monster count
 F = Vault count percentage of total count
                 A         B        C        D         E       F
            +---------+---------+-------+---------+---------+-------
      Total |      18 |       0 |   0.0 |      10 |       0 |   0.0
            +---------+---------+-------+---------+---------+-------
        D:1 |       6 |       0 |   0.0 |       4 |       0 |   0.0
        D:2 |      12 |       0 |   0.0 |       6 |       0 |   0.0
            +---------+---------+-------+---------+---------+-------
